 Dungeon Crawl Stone Soup version 0.28.0-53-g5a82cb258f (webtiles) character file.

Game seed: 11223801360128305986

47833 DocClef the Warrior (level 14, -13/88 HPs)
             Began as a Vine Stalker Fighter on July 7, 2022.
             Was the Champion of Okawaru.
             Mangled by Rupert
             ... wielding a +4 great sword of holy wrath
              (23 damage)
             ... on level 6 of the Lair of Beasts.
             The game lasted 00:25:45 (13941 turns).

DocClef the Warrior (Vine Stalker Fighter)         Turns: 13941, Time: 00:25:45

Health: -13/88     AC: 18    Str: 24    XL:     14   Next: 43%
Magic:  0/15       EV: 11    Int:  4    God:    Okawaru [******]
Gold:   910        SH:  6    Dex: 19    Spells: 13/13 levels left

rFire   + . .      SeeInvis +   a - +1 rapier
rCold   . . .      Faith    .   c - +0 buckler
rNeg    . . .      Spirit   +   w - +1 shadow dragon scales
rPois   +          Reflect  .   d - +0 hat of Thoughtfulness {Rampage Fly Int-4 SInv}
rElec   +          Harm     .   I - +1 cloak {Stlth+}
rCorr   .          Rampage  +   (no gloves)
Will    +....      Rage     1%  i - +0 pair of boots
Stlth   +++++++++.              J - amulet of regeneration
HPRegen 1.84/turn               j - ring of Kiege {Wiz rElec Dex+5}
MPRegen 0.14/turn               u - ring of Perfectionism {rPois rF+ Slay+5}

@: heroic, flying, studying Polearms
A: fangs 3, regeneration 1, magic shield, antimagic bite, no potion heal 2,
berserk 1, sturdy frame 1
a: Renounce Religion, Heroism, Finesse, Duel


You were on level 6 of the Lair of Beasts.
You worshipped Okawaru.
Okawaru was exalted by your worship.
You visited 4 branches of the dungeon, and saw 17 of its levels.
You also visited: Ossuary and Bailey.

You collected 1150 gold pieces.
You spent 240 gold pieces at shops.

Inventory:

Hand Weapons
 a - a +1 rapier (weapon)
Missiles
 s - a throwing net
 v - 3 javelins (quivered)
 E - 11 curare-tipped darts
Armour
 c - a +0 buckler (worn)
 d - the +0 hat of Thoughtfulness (worn) {Rampage Fly Int-4 SInv}
   (Okawaru gifted it to you on level 2 of the Lair of Beasts)

   Int:       It affects your intelligence (-4).
   SInv:      It lets you see invisible.
   Fly:       It grants you flight.
   Rampage:   It bestows one free step when moving towards enemies.
 i - a +0 pair of boots (worn)
 w - +1 shadow dragon scales (worn)
 I - a +1 cloak of stealth (worn)
Jewellery
 j - the ring of Kiege (left hand) {Wiz rElec Dex+5}
   (You bought it in a shop on level 2 of the Dungeon)

   [ring of wizardry]

   It improves your spell success rate.
   Dex:       It affects your dexterity (+5).
   rElec:     It insulates you from electricity.
 m - an amulet of magic regeneration
 r - a ring of fire
 u - the ring of Perfectionism (right hand) {rPois rF+ Slay+5}
   (You acquired it in a bailey)

   [ring of poison resistance]

   Slay:      It affects your accuracy & damage with ranged weapons and melee
   (+5).
   rF:        It protects you from fire.
   rPois:     It protects you from poison.
 A - a ring of willpower
 B - a ring of resist corrosion
 F - a ring of protection from fire
 H - a ring of protection from fire
 J - an amulet of regeneration (around neck)
 M - a ring of see invisible
 N - a ring of flight
Wands
 b - a wand of iceblast (8)
 K - a wand of acid (8)
Scrolls
 e - 8 scrolls of enchant weapon
 h - 4 scrolls of fog
 l - 2 scrolls of vulnerability
 o - 3 scrolls of teleportation
 x - 2 scrolls of fear
 y - 8 scrolls of identify
 C - 8 scrolls of immolation
 D - 2 scrolls of blinking
 G - 2 scrolls of enchant armour
 L - a scroll of amnesia
Potions
 f - a potion of resistance {unknown}
 g - a potion of magic
 k - 9 potions of curing
 n - 7 potions of brilliance
 p - 4 potions of lignification
 q - 3 potions of haste
 t - 2 potions of attraction
 z - 2 potions of might


   Skills:
 + Level 16.4(21.4) Fighting
 - Level 14.1(19.1) Short Blades
 - Level 2.4(7.4) Armour
 - Level 11.0(16.0) Stealth
 - Level 2.6(7.6) Shields


You had 13 spell levels left.
You didn't know any spells.
Your spell library contained the following spells:

 Spells                   Type           Power      Damage    Failure   Level
 Pain                     Necr           0%         1d4       69%         1
 Slow                     Hex            0%         N/A       69%         1
 Ensorcelled Hibernation  Hex/Ice        0%         N/A       82%         2
 Confusing Touch          Hex            0%         N/A       96%         3
 Portal Projectile        Hex/Tloc       0%         N/A       96%         3
 Spider Form              Tmut/Pois      0%         N/A       96%         3
 Vampiric Draining        Necr           0%         2d6       96%         3
 Airstrike                Air            0%         N/A       100%        4
 Anguish                  Hex/Necr       0%         N/A       100%        4
 Agony                    Necr           0%         N/A       100%        5
 Blade Hands              Tmut           0%         N/A       100%        5
 Excruciating Wounds      Necr           0%         N/A       100%        5
 Lightning Bolt           Conj/Air       0%         1d11      100%        5
 Summon Lightning Spire   Summ/Air       Unusable   N/A       N/A         4

Dungeon Overview and Level Annotations

Branches:
Dungeon (9/15)             Temple (1/1) D:6            Lair (6/6) D:8
 Shoals (0/4) Lair:2        Snake (0/4) Lair:4        Slime (1/5) Lair:5
    Orc (0/2) D:9         Ossuary (visited)          Bailey (visited)

Altars:
Ashenzari
Hepliaklqana
Makhleb
Okawaru
Ru
Sif Muna
Wu Jian
Jiyva

Shops:
D:2 *   D:5 *:=   D:6 ?

Annotations:
D:4 1 runed translucent door, bchevrier's ghost, novice GnWn
Lair:6 Rupert


Innate Abilities, Weirdness & Mutations

You have razor-sharp teeth.
Your natural rate of healing is unusually fast.
When hurt, damage is shared between your health and your magic reserves.
Your bite disrupts and absorbs the magic of your enemies.
Potions cannot restore your health.
You tend to lose your temper in combat.
Your movements are slightly less encumbered by armour. (ER -2)


Message History

You fail to use your ability.
You fail to use your ability.
Rupert shouts!
Rupert roars madly and goes into a rage!
Rupert goes berserk!
You fail to use your ability.
You hear an angry hiss.
You fail to use your ability.
Rupert rages.
Rupert completely misses you.
You fail to use your ability.
Rupert hits you with a +4 great sword of holy wrath!
You gain the combat prowess of a mighty hero.
Rupert hits you with a +4 great sword of holy wrath!
A komodo dragon comes into view.
Rupert closely misses you.
You hit Rupert. You bite Rupert! You drain his power.
You feel invigorated.
Rupert is lightly wounded.
Rupert hits you with a +4 great sword of holy wrath!
You fail to use your ability.
Rupert closely misses you.
The komodo dragon hisses menacingly.
You hit Rupert. You bite Rupert. You drain his power.
You feel invigorated.
Rupert is lightly wounded.
You block Rupert's attack.
You hit Rupert. You bite Rupert! You drain his power.
You feel invigorated.
Rupert is moderately wounded.
Rupert hits you with a +4 great sword of holy wrath!!
You puncture Rupert!
Rupert is moderately wounded.
Rupert hits you with a +4 great sword of holy wrath!!!
* * * LOW HITPOINT WARNING * * *
Unknown command.
You hit Rupert.
Rupert is moderately wounded.
Unknown command.
You puncture Rupert! You bite Rupert. You drain his power.
You feel invigorated.
Rupert is heavily wounded.
Rupert hits you with a +4 great sword of holy wrath!!
You die...

..... #####..........
##.....###.##...........
.#.......P..P#...........
..........................
................[.........
..........................
......l.........<........♣
.........................♣
........@@).............♣.
#........#####...........
.#......## .###........
#.#......# ## .........
#.......# ........
#......## ........
♣♣...... .... ♣.....##
.... ♣.....# ....


You could see Rupert (berserk) and a komodo dragon.

Vanquished Creatures
  3 hydras
  12 death yaks
  Pikel (D:8)
  3 orc knights (Bailey)
  6 black mambas
  13 elephants
  11 cane toads
  2 kobold demonologists (Bailey)
  2 rime drakes
  8 komodo dragons
  3 polar bears
  A troll (D:9)
  Grinder (D:3)
  Prince Ribbit (D:8)
  15 blink frogs
  Sigmund (D:2)
  68 yaks
  A wraith (D:9)
  3 wyverns
  Grum (Lair:1)
  8 basilisks
  2 steam dragons
  Menkaure (Ossuary)
  A warg (D:9)
  13 water moccasins
  2 ice beasts
  10 orc warriors
  A necrophage (D:7)
  An ogre (D:6)
  5 black bears
  The ghost of mortz the Conjurer, an amateur DgCj (D:6)
  23 wolves
  3 centaurs (D:9)
  A lemure (D:8)
  2 kobold brigands (D:7)
  18 bullfrogs
  An elf zombie (Ossuary)
  2 scorpions
  A water moccasin zombie (D:6)
  A water moccasin skeleton (D:4)
  3 killer bees (D:9)
  7 howler monkeys
  4 electric eels (Bailey)
  8 centaur zombies
  A hound (D:6)
  4 gnoll shamans
  A human zombie (D:6)
  An orc priest (D:9)
  5 jellies
  An orc wizard (D:9)
  Terence (D:3)
  Jessica (D:2)
  Natasha (twice) (D:2)
  An iguana (D:6)
  A killer bee zombie (D:8)
  6 mummies (Ossuary)
  17 gnolls
  6 adders
  A shadow imp (D:7)
  A white imp (D:6)
  An ufetubus (D:6)
  2 adder zombies (Ossuary)
  2 worms
  A dart slug (D:4)
  26 orcs
  7 ball pythons
  3 bats
  7 endoplasms
  2 giant cockroaches (D:2)
  15 goblins
  10 hobgoblins
  2 jackals (D:1)
  13 kobolds
  3 quokkas
  3 frilled lizards
  A gnoll zombie (Ossuary)
  4 goblin zombies (Ossuary)
  4 hobgoblin zombies (Ossuary)
  6 kobold zombies (Ossuary)
  An orc zombie (Ossuary)
  2 quokka zombies (Ossuary)
  3 rats
  4 rat zombies (Ossuary)
447 creatures vanquished.

Vanquished Creatures (others)
  6 fungi
  29 plants
35 creatures vanquished.

Grand Total: 482 creatures vanquished

Notes
Turn   | Place    | Note
-------+----------+-------------------------------------------
     0 | D:1      | DocClef the Vine Stalker Fighter began the quest for the
                  | Orb.
     0 | D:1      | Reached XP level 1. HP: 11/11 MP: 2/2
   198 | D:1      | Reached XP level 2. HP: 16/16 MP: 3/3
   610 | D:2      | Noticed Sigmund
   617 | D:2      | Killed Sigmund
   618 | D:2      | Reached skill level 5 in Short Blades
   618 | D:2      | Reached XP level 3. HP: 13/19 MP: 4/4
   618 | D:2      | Gained mutation: Your natural rate of healing is unusually
                  | fast. [Vine Stalker growth]
   618 | D:2      | Reached XP level 4. HP: 16/23 MP: 5/5
   618 | D:2      | Reached XP level 5. HP: 18/27 MP: 6/6
   665 | D:2      | Noticed Jessica
   667 | D:2      | Killed Jessica
   883 | D:2      | Found Petos's Assorted Antiques.
   971 | D:2      | Noticed Natasha
   982 | D:2      | Killed Natasha
   983 | D:2      | Reached XP level 6. HP: 31/32 MP: 5/7
  1075 | D:2      | Found a faded altar of an unknown god.
  1315 | D:2      | Noticed Natasha
  1321 | D:2      | Killed Natasha
  1384 | D:3      | Noticed Terence
  1395 | D:3      | Killed Terence
  1491 | D:3      | Noticed Grinder
  1493 | D:3      | Paralysed by Grinder for 7 turns
  1718 | D:2      | Bought a bound marble ring for 130 gold pieces
  1718 | D:2      | Identified the ring of Kiege {Wiz rElec Dex+5} (You bought
                  | it in a shop on level 2 of the Dungeon)
  2001 | D:3      | Killed Grinder
  2002 | D:3      | Reached XP level 7. HP: 23/35 MP: 8/8
  2633 | D:4      | Found a runed translucent door.
  2633 | D:4      | Noticed bchevrier's ghost (novice GnWn)
  2757 | D:5      | Entered Level 5 of the Dungeon
  2907 | D:5      | Found Potian's Jewellery Emporium.
  3100 | D:5      | Found Sexucvuf's Book Shoppe.
  3254 | D:5      | Found Doeppuce's Assorted Antiques.
  3375 | D:5      | Gained mutation: You have razor-sharp teeth. [Vine Stalker
                  | growth]
  3375 | D:5      | Reached XP level 8. HP: 39/39 MP: 9/9
  3611 | D:6      | Found a broken altar of Ashenzari.
  3745 | D:6      | Found a staircase to the Ecumenical Temple.
  3763 | Temple   | Entered the Ecumenical Temple
  3807 | Temple   | Became a worshipper of Warmaster Okawaru
  3904 | D:6      | Found a runed translucent door.
  3906 | D:6      | Noticed mortz's ghost (amateur DgCj)
  3945 | D:6      | Killed mortz's ghost
  4097 | D:6      | Reached skill level 10 in Short Blades
  4146 | D:6      | Found a sand-covered staircase.
  4161 | Ossuary  | Entered an ossuary
  4259 | Ossuary  | Reached XP level 9. HP: 41/43 MP: 10/10
  4543 | Ossuary  | Noticed Menkaure
  4551 | Ossuary  | Killed Menkaure
  4692 | D:6      | Reached * piety under Okawaru
  4804 | D:6      | Found Janaic's Magic Scroll Shoppe.
  4816 | D:6      | Bought a scroll of blinking for 97 gold pieces
  4816 | D:6      | Bought a scroll of noise for 13 gold pieces
  5003 | D:6      | Gained mutation: Your movements are slightly less
                  | encumbered by armour. (ER -2) [potion of mutation]
  5003 | D:6      | Gained mutation: You tend to lose your temper in combat.
                  | [potion of mutation]
  5248 | D:7      | Found a flagged portal.
  5272 | Bailey   | Entered a bailey
  5487 | Bailey   | HP: 1/43 [orc warrior/+0 war axe (11)]
  5492 | Bailey   | HP: 2/64 [gnoll/+0 hand axe (1)]
  5572 | Bailey   | Noticed an orc knight
  5584 | Bailey   | Killed an orc knight
  5585 | Bailey   | Reached XP level 10. HP: 32/47 MP: 7/11
  5624 | Bailey   | Reached ** piety under Okawaru
  5676 | Bailey   | Noticed an orc knight
  5689 | Bailey   | Killed an orc knight
  5749 | Bailey   | Noticed an orc knight
  5788 | Bailey   | Killed an orc knight
  6065 | Bailey   | Acquired the ring of Perfectionism {rPois rF+ Slay+5}
  6151 | Bailey   | Found an iron altar of Okawaru.
  6151 | Bailey   | Noticed a kobold demonologist
  6151 | Bailey   | Noticed a kobold demonologist
  6161 | Bailey   | Killed a kobold demonologist
  6167 | Bailey   | Killed a kobold demonologist
  6432 | D:7      | Reached *** piety under Okawaru
  6433 | D:7      | Reached skill level 3 in Fighting
  7184 | D:8      | Reached skill level 4 in Fighting
  7192 | D:8      | Noticed a death yak
  7198 | D:8      | Noticed a death yak
  7248 | D:9      | Reached skill level 5 in Fighting
  7295 | D:9      | Found a staircase to the Orcish Mines.
  7328 | D:9      | Reached XP level 11. HP: 35/56 MP: 9/12
  7337 | D:9      | Reached skill level 6 in Fighting
  7748 | D:9      | Reached **** piety under Okawaru
  7901 | D:8      | Noticed a death yak
  7903 | D:8      | Noticed a death yak
  7903 | D:8      | Noticed a death yak
  7904 | D:8      | Noticed a death yak
  7904 | D:8      | Noticed a death yak
  7905 | D:8      | Found a staircase to the Lair.
  7918 | D:8      | Killed a death yak
  7919 | D:8      | Reached skill level 7 in Fighting
  7928 | D:8      | Killed a death yak
  7934 | D:8      | Killed a death yak
  7935 | D:8      | Reached skill level 8 in Fighting
  7943 | D:8      | Killed a death yak
  7943 | D:8      | Reached ***** piety under Okawaru
  7948 | D:8      | Killed a death yak
  7949 | D:8      | Reached skill level 9 in Fighting
  8013 | D:8      | Killed a death yak
  8237 | D:8      | Killed a death yak
  8237 | D:8      | Received a gift from Okawaru
  8348 | D:8      | Reached skill level 10 in Fighting
  8446 | D:8      | Noticed Pikel
  8454 | D:8      | Killed Pikel
  8575 | Lair:1   | Entered Level 1 of the Lair of Beasts
  8575 | Lair:1   | Noticed Prince Ribbit
  8595 | D:8      | Killed Prince Ribbit
  8659 | D:8      | Reached XP level 12. HP: 60/67 MP: 13/13
  8662 | D:8      | Reached skill level 5 in Stealth
  8740 | Lair:1   | Noticed Grum
  8764 | Lair:1   | Killed Grum
  9060 | Lair:1   | Noticed a seven-headed hydra
  9076 | Lair:1   | Killed a seven-headed hydra
  9077 | Lair:1   | Reached skill level 10 in Stealth
  9195 | Lair:1   | Identified the +0 ring mail "Gooxeam" {rC- Regen+ Str+5}
  9605 | Lair:2   | Noticed a four-headed hydra
  9613 | Lair:2   | Killed a four-headed hydra
  9698 | Lair:2   | Identified the +0 hat of Thoughtfulness {Rampage Fly Int-4
                  | SInv} (Okawaru gifted it to you on level 2 of the Lair of
                  | Beasts)
  9698 | Lair:2   | Received a gift from Okawaru
  9705 | Lair:2   | Reached skill level 11 in Fighting
  9823 | Lair:2   | Found a staircase to the Shoals.
  9896 | Lair:2   | Reached XP level 13. HP: 74/74 MP: 14/14
 10308 | Lair:3   | Reached skill level 12 in Fighting
 10365 | Lair:3   | Reached ****** piety under Okawaru
 10751 | Lair:3   | Reached skill level 13 in Fighting
 10944 | Lair:3   | Identified the +0 cloak of Juafic {rF+++ rN+ Slay-4 Stlth+}
                  | (Okawaru gifted it to you on level 3 of the Lair of Beasts)
 10944 | Lair:3   | Received a gift from Okawaru
 11569 | Lair:4   | Reached skill level 14 in Fighting
 12048 | Lair:4   | Found a staircase to the Snake Pit.
 12321 | Lair:4   | Reached skill level 15 in Fighting
 12764 | Lair:5   | Reached XP level 14. HP: 86/86 MP: 15/15
 12885 | Lair:5   | Found a viscous altar of Jiyva.
 12885 | Lair:5   | Found a staircase to the Slime Pits.
 13205 | Lair:5   | Received a gift from Okawaru
 13439 | Slime:1  | Entered Level 1 of the Pits of Slime
 13462 | Lair:6   | Entered Level 6 of the Lair of Beasts
 13576 | Lair:5   | Reached skill level 16 in Fighting
 13772 | Lair:6   | Received a gift from Okawaru
 13927 | Lair:6   | Noticed Rupert
 13941 | Lair:6   | Mangled by Rupert

Illustrated notes

Levels and vault maps discovered:
D:1:      minmay_arrival_jagged, layout_rooms, minmay_misc_feat_iff,
          nrook_uturn, minmay_misc_feat_tiny
D:2:      layout_basic, serial_shops, nicolae_lakefront_shop,
          hellmonk_ecumenical_altar_run_dry, uniq_natasha, uniq_sigmund,
          uniq_jessica
D:3:      layout_rooms, grunt_ministairs_5, kennysheep_generic_room_6,
          uniq_terence, uniq_grinder
D:4:      layout_gridville, gammafunk_ghost_grave
D:5:      layout_loops_corners, serial_shops, nicolae_shop_statue_plus,
          nicolae_shop_advertising_works [nicolae_subvault_shop_adworks],
          nicolae_shop_window_shopping, minivault_4
D:6:      layout_basic, ashenzari_conservatory_becter,
          minmay_temple_entry_overgrown, serial_shops, nicolae_lakefront_shop,
          ebering_ghost_sewer_d, enter_ossuary_3, st_stairs_4,
          amcnicky_mini_pool_small
D:7:      layout_cave_pods, enter_bailey_4
D:8:      layout_loops_cross, dpeg_lair_monsters, uniq_pikel
D:9:      layout_roguey, david_orc_3
Temple:   mainiacjoe_temple_hex_bubbles
Lair:1:   layout_regular_city, minivault_23, grunt_megastairs_2,
          serial_bayou_shore_b, uniq_grum, uniq_prince_ribbit2
Lair:2:   layout_chaotic_city, shoals_dummy_entry, serial_bayou_shore_a
Lair:3:   layout_cave_pods
Lair:4:   wad_woods_structure_01, layout_regular_city
Lair:5:   layout_gridlike, dpeg_slime_entry_enclosed_altar, grunt_megastairs_3
Lair:6:   minmay_lair_end_enchanted_forest, layout_hall_layers,
          serial_bayou_pond_d, nicolae_lair_grove_arrangements, uniq_rupert,
          uniq_urug
Slime:1:  layout_caves, nicolae_slime_barrier

Skill      XL: |  1  2  3  4  5  6  7  8  9 10 11 12 13 14 |
---------------+-------------------------------------------+-----
Short Blades   | 2 5 7 8 10 12 14 | 14.1
Fighting       | 5 10 11 15 16 | 16.4
Stealth        | 4 11 | 11.0
Armour         | |  2.4
Shields        | |  2.6

Action                   |  1- 3 |  4- 6 |  7- 9 | 10-12 | 13-15 || total
-------------------------+-------+-------+-------+-------+-------++-------
Melee: Rapier            |    52 |   102 |   426 |   497 |   596 ||  1673
       Bite              |     9 |    19 |   149 |   182 |   321 ||   680
Throw: Javelin           |       |       |     3 |     1 |       ||     4
Invok: Heroism           |       |       |     3 |    10 |     4 ||    17
       Finesse           |       |       |       |     1 |     1 ||     2
  Use: Potion            |     1 |       |     6 |     1 |       ||     8
       Scroll            |       |       |    14 |     5 |       ||    19
 Stab: Sleeping          |       |       |       |    34 |    23 ||    57
       Distracted        |       |       |       |     2 |     5 ||     7
Armor: Scale mail        |    23 |    39 |   107 |     7 |       ||   176
       Shadow dragon sca |       |       |       |   156 |   163 ||   319
Dodge: Dodged            |    15 |    35 |   128 |    98 |   124 ||   400
Block: Buckler           |    11 |    24 |    76 |    88 |    82 ||   281
